Map: Triton LE

Players

Scarlett - Winner!

  • Race: Zerg Zerg
  • Spawn Location: 11:00

SKillous

  • Race: Protoss Protoss
  • League: Master
  • Spawn Location: 5:00

Event: NationWars 2019

VOD

Have the link to the VOD?

Description

Time

  • Played on: Nov. 15, 2019, 3:29 p.m.
  • Length: 10:44

All games in this series

Show
View Real Time Build Order
Export as new Build Order

Scarlett Zerg - Winner!

Build Orders: Hatch First, Swarm Host 

Get SALT Encoding   

  12  0:00  Drone  
  13  0:12  Overlord  
  13  0:17  Drone  
  14  0:31  Drone x2  
  16  0:47  Hatchery  
  15  0:51  Drone  
  15  0:55  Drone  
  17  0:58  Drone  
  18  1:10  Extractor  
  17  1:13  Spawning Pool  
  17  1:16  Drone  
  17  1:20  Drone  
  18  1:28  Drone  
  19  1:39  Drone  
  20  1:51  Drone  
  21  2:00  Zergling x2, Queen x2  
  26  2:01  Overlord  
  26  2:10  Drone  
  26  2:11  Metabolic Boost  
  26  2:12  Drone  
  28  2:20  Drone  
  28  2:22  Drone  
  30  2:33  Hatchery  
  30  2:36  Drone  
  30  2:37  Drone  
  30  2:43  Zergling x2  
  30  2:44  Overlord  
  32  2:52  Queen  
  32  2:53  Drone  
  32  2:55  Drone  
  36  3:08  Drone x6  
  36  3:12  Overlord  
  42  3:14  Drone  
  42  3:17  Drone  
  44  3:24  Overlord  
  44  3:32  Lair, Queen  
  46  3:35  Extractor  
  46  3:38  Roach Warren  
  46  3:40  Drone x2  
  46  3:42  Drone  
  46  3:44  Drone  
  46  3:45  Drone  
  48  3:50  Drone x3  
  48  3:54  Drone, Extractor  
  51  4:00  Drone  
  51  4:01  Drone x2  
  54  4:04  Drone x3  
  57  4:10  Spore Crawler x2  
  57  4:11  Spore Crawler  
  54  4:19  Drone x5  
  59  4:27  Drone x4  
  63  4:31  Extractor  
  63  4:36  Drone x4  
  64  4:45  Overlord  
  65  4:48  Overlord x2  
  65  4:50  Glial Reconstitution  
  65  4:54  Overlord  
  65  5:03  Queen  
  65  5:04  Drone x5, Extractor  
  65  5:05  Evolution Chamber  
  70  5:08  Overlord  
  70  5:09  Overseer  
  70  5:12  Drone x2, Extractor  
  70  5:13  Drone x3  
  74  5:14  Extractor  
  74  5:19  Drone  
  74  5:20  Drone  
  75  5:27  Roach x6  
  87  5:33  Drone x2  
  87  5:35  Zerg Missile Weapons Level 1, Overlord  
  88  5:43  Drone, Infestation Pit  
  88  5:47  Drone, Overlord  
  88  5:48  Drone x2  
  91  5:50  Overlord x3  
  91  5:59  Overlord x2  
  91  6:00  Overlord  
  91  6:08  Nydus Network  
  91  6:09  Drone x5  
  90  6:19  Drone  
  90  6:21  Swarm Host x5  
  90  6:24  Zergling x2  
  107  6:29  Swarm Host x3  
  116  6:40  Swarm Host x5  
  131  6:51  Nydus Canal  
  131  6:52  Swarm Host x4  
  143  6:54  Overlord x2  
  143  6:58  Roach x2  
  143  7:00  Zergling x2, Roach  
  150  7:06  Roach x4  
  157  7:15  Roach x5  
  166  7:23  Roach x3  
  166  7:29  Roach x3  
  167  7:36  Roach x5  
  167  7:39  Roach x3  
  167  7:43  Roach  
  167  7:47  Nydus Canal  
  167  7:49  Roach  
  167  7:50  Roach  
  162  7:54  Roach x3  
  162  7:55  Nydus Network  
  159  8:11  Zergling x22  
  170  8:16  Hatchery  
  165  8:27  Zergling x14  
  162  8:33  Nydus Canal  
  166  8:34  Ravager  
  166  8:36  Zergling x10  
  166  8:37  Overlord  
  166  8:38  Ravager  
  166  8:39  Ravager x5  
  178  8:50  Roach x2  
  178  8:53  Queen x2  
  178  8:54  Queen, Overlord x2  
  169  9:03  Roach x7  
  167  9:13  Roach x5  
  169  9:22  Roach  
  169  9:23  Roach x4  
  161  9:27  Roach  
  161  9:28  Queen x2  
  145  9:34  Nydus Canal  
  145  9:40  Roach  
  145  9:41  Roach x5  
  148  9:46  Drone x2  
  150  9:58  Nydus Canal  
  150  10:04  Hatchery  
  151  10:07  Ravager x6  
  151  10:11  Drone x3, Extractor  
  157  10:14  Nydus Canal  
  157  10:15  Zergling x12  
  163  10:23  Roach x4  
Show
View Real Time Build Order
Export as new Build Order

SKillous Protoss 

Build Orders: 1 Gate Expand, Oracle Opening 

Get SALT Encoding   

  12  0:01  Probe  
  13  0:13  Probe  
  14  0:20  Pylon  
  14  0:25  Probe  
  15  0:38  Probe (Chrono Boost)  
  15  0:40  Gateway  
  16  0:48  Probe (Chrono Boost), Assimilator  
  17  0:53  Probe (Chrono Boost)  
  18  1:05  Probe  
  19  1:17  Probe  
  20  1:23  Nexus  
  20  1:35  Cybernetics Core  
  20  1:37  Probe  
  21  1:44  Assimilator  
  21  1:49  Probe  
  21  1:53  Pylon  
  22  2:01  Probe  
  23  2:08  Adept (Chrono Boost)  
  23  2:13  Probe  
  26  2:16  Stargate  
  26  2:25  Probe (Chrono Boost), Warp Gate  
  27  2:34  Stalker  
  31  2:37  Probe (Chrono Boost)  
  31  2:38  Probe (Chrono Boost)  
  32  2:45  Probe (Chrono Boost)  
  32  2:46  Probe (Chrono Boost)  
  32  2:51  Probe  
  33  2:54  Probe  
  35  2:59  Oracle (Chrono Boost)  
  35  3:03  Probe  
  39  3:06  Probe  
  40  3:14  Pylon  
  40  3:15  Probe  
  40  3:18  Probe  
  42  3:21  Gateway  
  42  3:27  Probe  
  42  3:28  Oracle (Chrono Boost)  
  42  3:32  Probe  
  47  3:39  Probe  
  47  3:40  Pylon  
  48  3:44  Probe  
  48  3:47  Pylon  
  49  3:50  Assimilator  
  49  3:51  Probe  
  49  3:52  Assimilator  
  49  3:54  Robotics Facility  
  50  3:56  Probe  
  51  4:03  Probe  
  51  4:08  Probe  
  54  4:18  Nexus, Probe (Chrono Boost)  
  54  4:19  Pylon  
  54  4:20  Probe (Chrono Boost)  
  55  4:28  Oracle  
  55  4:30  Probe (Chrono Boost)  
  60  4:32  Probe (Chrono Boost)  
  60  4:35  Probe (Chrono Boost)  
  61  4:40  Probe, Forge  
  61  4:41  Observer  
  61  4:42  Twilight Council  
  61  4:44  Sentry  
  65  4:48  Probe, Shield Battery  
  65  4:52  Probe  
  67  4:53  Zealot  
  69  5:00  Probe  
  69  5:02  Immortal (Chrono Boost)  
  69  5:04  Probe  
  75  5:09  Sentry  
  75  5:12  Probe  
  78  5:16  Protoss Ground Weapons Level 1 (Chrono Boost)  
  78  5:27  Charge (Chrono Boost)  
  78  5:34  Pylon, Immortal  
  78  5:35  Probe (Chrono Boost)  
  84  5:36  Probe (Chrono Boost)  
  84  5:42  Gateway  
  85  5:43  Probe x2 (Chrono Boost), Gateway  
  85  5:44  Probe (Chrono Boost)  
  85  5:45  Gateway  
  87  5:51  Gateway  
  87  5:53  Gateway  
  88  5:57  Gateway  
  88  5:59  Probe  
  88  6:12  Warp Prism (Chrono Boost)  
  88  6:17  Zealot  
  88  6:18  Zealot  
  91  6:22  Gateway  
  91  6:23  Gateway  
  91  6:25  Pylon  
  91  6:36  Zealot  
  91  6:39  Pylon  
  93  6:42  Pylon  
  93  6:47  Zealot x5  
  93  6:50  Templar Archives  
  93  6:51  Pylon  
  93  6:53  Pylon  
  103  6:55  Probe x3  
  103  6:58  Assimilator  
  103  7:00  Assimilator  
  106  7:07  Probe x3  
  106  7:08  Zealot  
  111  7:10  Zealot x6  
  122  7:23  Zealot x3  
  124  7:38  Pylon  
  124  7:39  Zealot x5  
  124  7:40  Zealot x2  
  124  7:42  Pylon  
  122  7:44  Zealot x2  
  112  7:53  Zealot  
  98  8:09  High Templar x7  
  98  8:10  High Templar x2  
  116  8:14  Archon x2  
  116  8:15  Archon x2  
  106  8:30  Zealot  
  108  8:35  Pylon  
  108  8:38  High Templar x2  
  108  8:39  Zealot  
  108  8:41  Zealot x3  
  118  8:42  Zealot  
  118  8:43  Archon  
  118  8:47  Zealot x2  
  113  9:08  Zealot x4  
  113  9:09  Zealot x6  
  108  9:29  Zealot x2  
  108  9:30  Zealot x6  
  114  9:34  Zealot x2  
  76  9:48  Warp Prism (Chrono Boost)  
  70  9:52  High Templar  
  70  9:53  High Templar x4  
  70  9:54  High Templar  
  82  10:00  Archon x2  
  82  10:01  Archon  
  82  10:02  Zealot x2  
  86  10:08  Zealot  
  88  10:18  Zealot  
  90  10:26  Zealot x4  
  90  10:27  Zealot  
Tags
 
Add a new tag
Caveats
  • Supply blocks, unpowered buildings, or Contaminate may cause inaccurate times.
  • Supply counts are checked every 10 seconds.